 Dungeon Crawl Stone Soup version 0.32-a0-391-gce5c0aab1b (webtiles) character file.

Game seed: 13752108068159052203

16 Bravepunisher the Ducker (level 2, 19/24 HPs)
             Began as a Spriggan Monk on Feb 19, 2024.
             Quit the game on level 4 of the Dungeon.
             The game lasted 00:02:12 (301 turns).

Bravepunisher the Ducker (Spriggan Monk)             Turns: 301, Time: 00:02:13

Health: 19/24      AC: 21    Str:  7    XL:     2   Next: 37%
Magic:  3/3        EV:  4    Int: 11    God:
Gold:   42         SH:  0    Dex: 17    Spells: 1/1 levels left

rFire   . . .        a - +0 short sword
rCold   . . .        (no shield)
rNeg    . . .        b - melded +0 robe
rPois   +            (helmet currently unavailable)
rElec   .            (cloak currently unavailable)
rCorr   .            (gloves unavailable)
SInv    +            (boots unavailable)
Will    .....        (no amulet)
Stlth   ++           (no ring)
HPRegen 0.24/turn    (no ring)
MPRegen 0.08/turn

%: no passive effects
@: tree-form
A: stationary, stasis, torment immunity, boosted hp, very small, no large
weapons, unfitting armour, see invisible, (speed 3)
a: no special abilities


You were on level 4 of the Dungeon.
You were a tree.
You visited 1 branch of the dungeon, and saw 4 of its levels.

You collected 42 gold pieces.

Inventory:

Hand Weapons
 a - a +0 short sword (weapon)
Armour
 b - a +0 robe (melded)
 e - the +0 robe of Fedhas's Approval {rF+ Str+4 Int+3}
   (You found it on level 2 of the Dungeon)

   Str+4:     It affects your strength (+4).
   Int+3:     It affects your intelligence (+3).
   rF+:       It protects you from fire.
Potions
 c - a potion of ambrosia


   Skills:
 + Level 2.6 Fighting
 - Level 3.2 Short Blades
 * Level 4.8 Dodging


You had one spell level left.
You didn't know any spells.
Your spell library was empty.

Dungeon Overview and Level Annotations

Branches:
Dungeon (4/15)
 Temple: D:4-7

Altars:
Fedhas
Xom


Innate Abilities, Weirdness & Mutations

You are a tree.
Your roots penetrate the ground, keeping you stationary.
You cannot be teleported.
You are immune to unholy pain and torment.
Your maximum health is greatly increased.
Your equipment is partially melded.
You are very small and have problems with some larger weapons.
You are too small for most types of armour.
You have supernaturally acute eyesight. (SInv)
((You cover ground extremely quickly. (Speed+++)))


Message History

You resist with some effort.
The black bear bites you but does no damage.
The black bear claws you but does no damage.
The black bear barely misses you.
You hear a shout!
You hit the black bear but do no damage.
The black bear is moderately wounded.
The orc wizard hits you but does no damage.
The black bear bites you but does no damage.
The black bear claws you but does no damage.
The black bear barely misses you.
You hit the black bear.
The black bear is moderately wounded.
The orc wizard hits you but does no damage.
You hit the black bear.
The black bear is heavily wounded.
The black bear bites you but does no damage.
The black bear claws you but does no damage. x2
The orc wizard hits you but does no damage.
You hit the black bear.
The black bear is heavily wounded.
The black bear bites you but does no damage.
The black bear claws you.
The black bear claws you but does no damage.
The orc wizard barely misses you.
You hit the black bear.
The black bear is heavily wounded.
The black bear bites you but does no damage.
The black bear claws you.
The black bear claws you but does no damage.
You barely miss the black bear.
The black bear is heavily wounded.
An orc comes into view. It is wielding a +0 trident.
The orc wizard casts a spell.
The orc wizard flickers and vanishes for a moment.
The black bear bites you but does no damage.
The black bear claws you but does no damage. x2
Unknown command.
Unknown command.
Are you sure you want to abandon this character and quit the game? (Confirm with "yes".)

#.......####.#
#####...###
#...w.#
#..##.# #
#..##.##.#
#...rBg..#
....###B####
##### #h# #♣#
#o# #o# #o#
#.# #.# #.#
o.#


You could see a black bear, 2 orc wizards, a dart slug, 2 orcs, a quokka, 2
giant cockroaches and a hobgoblin.

Vanquished Creatures
  An adder (D:3)
  A dart slug (D:4)
  A giant cockroach (D:2)
3 creatures vanquished.

Notes
Turn   | Place    | Note
-------+----------+-------------------------------------------
     0 | D:1      | Bravepunisher the Spriggan Monk began the quest for the
                  | Orb.
     0 | D:1      | Reached XP level 1. HP: 11/11 MP: 2/2
    91 | D:2      | Identified the +0 robe of Fedhas's Approval {rF+ Str+4
                  | Int+3}
   113 | D:3      | Reached XP level 2. HP: 11/16 MP: 3/3
   138 | D:3      | Found a shimmering altar of Xom.
   159 | D:3      | Found a blossoming altar of Fedhas.
   193 | D:4      | Noticed a black bear
   301 | D:4      | Quit the game

Illustrated notes

Levels and vault maps discovered:
D:1:      dpeg_arrival_shelter, layout_rooms, minmay_tromino_mix6
D:2:      layout_basic
D:3:      layout_loops_corners, mainiacjoe_overflow_six_doors_small,
          fedhas_ov_isle_minmay, uniq_jessica, uniq_sigmund
D:4:      layout_loops_ring, nicolae_overflow_hallway_of_the_gods,
          minmay_circle_x

Action                     || total
---------------------------++-------
  Melee: Short sword       ||    38
    Use: Scroll            ||     1
         Potion            ||     1
   Stab: Sleeping          ||     1
 Armour: Robe              ||     8
         Skin              ||    37
  Dodge: Dodged            ||    27

Table legend: (Time is in decaauts)
 A = Elapsed time spent in this place.
 B = Non-inter-level travel time spent in this place.
 C = Inter-level travel time spent in this place.
 D = Time resting spent in this place.
 E = Time spent auto-exploring this place.
 F = Levels seen in this place.
 G = Mean time per level.
                   A        B        C        D        E       F      G
               +--------+--------+--------+--------+--------+-----+--------+
         Total |    205 |    205 |      0 |      0 |     35 |   4 |   51.2 |
       Dungeon |    205 |    205 |      0 |      0 |     35 |   4 |   51.2 |
               +--------+--------+--------+--------+--------+-----+--------+

Top non-repeatable levels by time:
     D:4: 84 daAuts
     D:2: 52 daAuts
     D:3: 47 daAuts
     D:1: 20 daAuts
